Map: 凯罗斯中转站-天梯版

Players

msrm

  • Race: Zerg Zerg
  • League: Grandmaster

MaSa - Winner!

  • Race: Terran Terran
  • League: Platinum

Event: WESG 2018 Grand Finals

VOD

Have the link to the VOD?

Description

Time

  • Played on: March 11, 2019, 7:19 a.m.
  • Length: 13:19

All games in this series

Show
View Real Time Build Order
Export as new Build Order

msrm Zerg 

Build Orders: Pool First 

Get SALT Encoding   

  12  0:01  Drone  
  13  0:12  Overlord  
  13  0:17  Drone  
  14  0:30  Drone x2  
  14  0:34  Drone  
  17  0:44  Extractor  
  17  0:45  Drone  
  17  0:49  Spawning Pool  
  16  0:56  Drone  
  17  1:08  Drone  
  18  1:17  Hatchery  
  17  1:21  Drone  
  18  1:28  Drone  
  19  1:36  Roach Warren  
  18  1:46  Queen  
  18  1:50  Drone  
  21  1:57  Overlord  
  21  2:16  Roach x2  
  21  2:21  Roach  
  26  2:31  Roach  
  26  2:32  Roach  
  30  2:37  Queen  
  30  2:42  Ravager  
  30  2:44  Overlord  
  33  2:58  Ravager  
  34  2:59  Drone x2  
  36  3:13  Overlord, Drone x3  
  36  3:17  Ravager  
  40  3:21  Extractor  
  39  3:29  Drone  
  39  3:30  Drone x2  
  39  3:31  Roach  
  39  3:32  Overlord  
  44  3:47  Overlord  
  44  3:48  Roach x2  
  48  4:01  Roach x3  
  54  4:16  Roach x3  
  60  4:22  Overlord  
  60  4:27  Extractor  
  55  4:47  Roach x4  
  59  5:15  Roach x4  
  59  5:19  Overlord x2  
  67  5:24  Overlord  
  67  5:29  Lair  
  67  5:42  Drone x5  
  72  6:12  Queen  
  72  6:13  Drone x3  
  72  6:14  Drone x3  
  72  6:15  Drone  
  75  6:24  Spore Crawler  
  75  6:25  Spore Crawler  
  70  6:27  Glial Reconstitution  
  64  6:36  Drone x4  
  66  6:57  Spore Crawler  
  65  7:01  Queen  
  65  7:08  Queen  
  69  7:11  Ravager x2  
  69  7:12  Ravager, Hatchery  
  69  7:13  Ravager  
  69  7:15  Ravager  
  73  7:34  Drone x3  
  73  7:35  Overseer  
  76  7:44  Hatchery  
  76  7:47  Queen, Nydus Network  
  76  8:05  Overlord x2  
  76  8:06  Overlord  
  76  8:23  Queen x2  
  80  8:56  Overlord x4  
  80  9:01  Nydus Canal  
  80  9:08  Nydus Canal  
  77  9:14  Queen x2  
  78  9:22  Nydus Canal  
  62  9:28  Roach x12  
  81  9:47  Hatchery  
  81  9:50  Queen  
  82  9:56  Overseer  
  82  10:17  Hatchery  
  82  10:18  Evolution Chamber  
  82  10:20  Evolution Chamber  
  79  10:34  Roach x2  
  83  10:46  Zerg Missile Weapons Level 1, Zerg Ground Armor Level 1  
  83  10:48  Overlord  
  83  10:49  Overlord x4  
  72  11:13  Extractor  
  72  11:14  Spire  
  70  11:21  Drone  
  70  11:22  Drone x2  
  71  11:29  Queen  
  73  11:41  Extractor  
  73  11:42  Extractor  
  71  11:47  Drone x3  
  71  11:48  Drone x2  
  71  11:49  Pneumatized Carapace, Drone  
  77  12:01  Overlord x2  
  77  12:03  Overlord x2  
  77  12:04  Queen  
  77  12:27  Mutalisk  
  77  12:28  Mutalisk x9  
  97  12:41  Hatchery  
  94  12:50  Hatchery  
Show
View Real Time Build Order
Export as new Build Order

MaSa Terran - Winner!

Build Orders:  

Get SALT Encoding   

  12  0:00  SCV  
  13  0:12  SCV  
  14  0:18  Supply Depot  
  14  0:25  SCV  
  15  0:40  SCV  
  15  0:41  Barracks  
  16  0:44  Refinery  
  16  0:52  SCV  
  17  0:59  Barracks  
  18  1:04  SCV  
  18  1:16  SCV  
  19  1:20  Barracks  
  19  1:28  Reaper  
  20  1:36  Orbital Command  
  20  1:42  Refinery  
  20  1:46  Reaper  
  21  1:54  Supply Depot  
  21  2:03  Reaper  
  21  2:04  SCV  
  23  2:16  Reaper  
  23  2:18  Supply Depot  
  23  2:19  SCV  
  25  2:24  Reaper  
  26  2:32  SCV  
  28  2:37  Reaper  
  28  2:48  SCV  
  28  2:49  Reaper  
  29  2:58  Command Center  
  29  3:00  Reaper  
  29  3:01  SCV  
  31  3:09  Reaper  
  32  3:13  SCV  
  32  3:19  Factory  
  33  3:22  Marine  
  33  3:25  SCV  
  35  3:29  Supply Depot  
  35  3:32  Marine  
  36  3:37  SCV  
  38  3:42  Barracks Tech Lab  
  37  3:49  Marine  
  37  3:50  SCV  
  37  3:51  Marine  
  40  4:02  Marauder, SCV  
  43  4:03  Factory Tech Lab  
  43  4:11  Orbital Command  
  43  4:13  Starport  
  43  4:14  SCV  
  44  4:19  Starport  
  43  4:26  SCV  
  43  4:30  Refinery  
  44  4:36  Siege Tank  
  46  4:43  SCV  
  46  4:45  Bunker  
  46  4:50  Marine x2  
  46  4:52  Marauder  
  49  4:57  Starport Tech Lab  
  43  5:14  SCV  
  43  5:16  Banshee  
  48  5:25  Cyclone  
  48  5:27  SCV  
  51  5:32  Supply Depot  
  51  5:34  Supply Depot  
  51  5:35  Banshee  
  54  5:48  Command Center  
  54  5:54  SCV  
  54  5:55  Orbital Command  
  54  5:56  Factory  
  55  6:06  SCV  
  55  6:15  Refinery  
  55  6:16  Refinery  
  56  6:18  SCV  
  56  6:20  Banshee  
  56  6:22  SCV  
  60  6:30  SCV  
  61  6:34  SCV  
  61  6:39  Banshee  
  65  6:41  Factory Tech Lab  
  65  6:42  SCV  
  65  6:46  SCV  
  67  6:50  Cyclone  
  70  6:59  SCV x2  
  72  7:03  Supply Depot  
  72  7:04  Cyclone  
  72  7:05  Orbital Command  
  75  7:11  SCV x2  
  75  7:15  Supply Depot  
  77  7:18  Hyperflight Rotors  
  77  7:23  SCV x2, Viking  
  80  7:33  Viking  
  80  7:36  SCV x2  
  82  7:40  Cyclone  
  84  7:48  SCV x2  
  84  7:49  Orbital Command  
  87  7:53  Armory  
  87  7:56  Cyclone  
  89  8:00  SCV x2  
  91  8:10  Refinery x2  
  91  8:12  SCV  
  92  8:14  SCV  
  93  8:20  Factory  
  93  8:21  SCV, Factory, Supply Depot  
  93  8:22  Supply Depot  
  93  8:25  Cyclone  
  98  8:27  SCV x2  
  98  8:33  SCV  
  100  8:39  SCV  
  101  8:42  Banshee, Supply Depot  
  101  8:43  Cyclone, SCV  
  101  8:44  Supply Depot  
  101  8:45  SCV  
  109  8:49  Cloaking Field  
  109  8:52  Banshee, SCV  
  113  8:57  SCV  
  113  9:02  Cyclone  
  117  9:03  SCV  
  117  9:07  SCV  
  119  9:13  SCV  
  119  9:16  SCV  
  118  9:17  Factory Tech Lab  
  118  9:18  Factory Tech Lab  
  118  9:19  Factory Reactor  
  118  9:20  SCV  
  118  9:25  Banshee, SCV, Supply Depot  
  118  9:27  Supply Depot  
  118  9:28  SCV  
  123  9:32  Terran Vehicle And Ship Armor Level 1, SCV  
  123  9:34  Supply Depot  
  123  9:35  Banshee  
  127  9:42  SCV  
  127  9:43  Cyclone, Supply Depot  
  131  9:47  Cyclone, Mag-Field Accelerator  
  131  9:53  SCV x2  
  131  9:55  Supply Depot  
  131  9:56  Supply Depot  
  133  10:03  SCV  
  134  10:08  Banshee  
  134  10:09  Supply Depot  
  134  10:11  Supply Depot x2  
  134  10:12  Cyclone  
  140  10:17  Factory, Command Center  
  140  10:19  Banshee  
  143  10:22  SCV x2  
  145  10:37  Hellion x2  
  145  10:38  Refinery  
  145  10:40  Cyclone x2  
  155  10:49  Cyclone, Refinery  
  158  10:51  Banshee  
  161  10:58  Hellion x2  
  165  11:09  Factory Tech Lab  
  165  11:12  Banshee, Cyclone x2  
  171  11:20  Armory  
  171  11:22  Cyclone  
  174  11:25  Command Center  
  174  11:30  Factory  
  174  11:31  Factory  
  174  11:34  Banshee  
  174  11:38  Hellion x2  
  181  11:49  Cyclone x3  
  181  11:54  Cyclone  
  193  12:01  SCV x2  
  193  12:04  Engineering Bay  
  193  12:07  Refinery  
  195  12:10  Hellion, Refinery  
  197  12:22  Cyclone  
  200  12:23  Factory Tech Lab  
  200  12:25  Factory Reactor  
  200  12:28  Orbital Command  
  197  12:57  Supply Depot  
  200  12:59  Sensor Tower  
Tags
 
Add a new tag
Caveats
  • Supply blocks, unpowered buildings, or Contaminate may cause inaccurate times.
  • Supply counts are checked every 10 seconds.